 Dungeon Crawl Stone Soup version 0.29-a0-506-ga2e7fffb44 (webtiles) character file.

Game seed: 4874698526501704694

3138 Sabo the Cleaver (level 9, -8/60 HPs)
             Began as a Demonspawn Gladiator on May 27, 2022.
             Was an Elder of Hepliaklqana.
             Mangled by an orc warrior
             ... wielding a +0 halberd
              (9 damage)
             ... in a bailey on May 28, 2022.
             The game lasted 00:54:09 (7509 turns).

Sabo the Cleaver (Demonspawn Gladiator)             Turns: 7509, Time: 00:54:12

Health: -8/60      AC: 15    Str: 18    XL:     9   Next: 61%
Magic:  0/9        EV:  9    Int: 10    God:    Hepliaklqana [****..]
Gold:   320        SH:  0    Dex: 15    Spells: 8/8 levels left

rFire   . . .      SeeInvis +   H - +4 battleaxe
rCold   . . .      Faith    .   (shield currently unavailable)
rNeg    . . .      Spirit   +   s - +0 chain mail
rPois   .          Reflect  .   c - +1 helmet
rElec   .          Harm     .   (no cloak)
rCorr   +          Rampage  .   (gloves unavailable)
Will    .....                   (no boots)
Stlth   ..........              k - amulet of guardian spirit
HPRegen 0.20/turn               o - ring of see invisible
MPRegen 0.11/turn               D - ring of resist corrosion

@: no status effects
A: reduced essence, thin metallic scales 2, spiny 2, demonic touch 3
a: Renounce Religion, Recall Ancestor, Ancestor Identity, Transference, Idealise


You were in a bailey.
You worshipped Hepliaklqana.
Hepliaklqana was greatly pleased with you.
You visited 1 branch of the dungeon, and saw 8 of its levels.
You also visited: Bailey.

You collected 372 gold pieces.
You spent 52 gold pieces at shops.

Inventory:

Hand Weapons
 h - a +0 shortbow
 z - the +6 spear "Grim Tooth" {venom, Int+2 Dex+5}
   (You found it on level 8 of the Dungeon)

   It poisons the flesh of those it strikes.
   Int:       It affects your intelligence (+2).
   Dex:       It affects your dexterity (+5).
 F - a +4 great sword
 G - a +3 mace
 H - a +4 battleaxe (weapon)
Missiles
 d - 3 throwing nets (quivered)
 e - a javelin
 q - 11 poisoned darts
 v - 4 silver javelins
Armour
 c - a +1 helmet (worn)
 s - a +0 chain mail (worn)
 w - +0 steam dragon scales
Jewellery
 k - an amulet of guardian spirit (around neck)
 o - a ring of see invisible (left hand)
 D - a ring of resist corrosion (right hand)
Wands
 a - a wand of polymorph (9)
 y - a wand of flame (17)
Scrolls
 f - a scroll of amnesia {unknown}
 g - 3 scrolls of blinking
 j - a scroll of teleportation
 m - a scroll of fog {unknown}
 A - a scroll of summoning
Potions
 b - 3 potions of flight
 i - 2 potions of berserk rage {unknown}
 l - 3 potions of mutation
 n - a potion of degeneration {unknown}
 p - 3 potions of magic
 r - a potion of cancellation {unknown}
 t - 2 potions of might {unknown}
 u - 2 potions of resistance {unknown}
 x - a potion of haste {unknown}
 B - 4 potions of curing
 C - a potion of heal wounds {unknown}
 E - a potion of brilliance {unknown}


   Skills:
 + Level 4.9 Fighting
 + Level 9.0 Axes
 + Level 1.8 Throwing
 + Level 5.8 Armour
 + Level 4.2 Dodging
 + Level 4.0 Stealth


You had 8 spell levels left.
You didn't know any spells.
Your spell library contained the following spells:

 Spells                   Type           Power      Damage    Failure   Level
 Freezing Cloud           Conj/Ice/Air   0%         6-21      100%        5
 Simulacrum               Ice/Necr       0%         N/A       100%        6
 Polar Vortex             Ice            0%         N/A       100%        9


Dungeon Overview and Level Annotations

Branches:
Dungeon (8/15)             Temple (0/1) D:4          Bailey (1/1)
   Lair: D:8-11

Altars:
Dithmenos
Elyvilon
Hepliaklqana
Qazlal
Ru
Uskayaw
Xom
Yredelemnul

Shops:
D:5 ??

Annotations:
Bailey 2 runed translucent doors


Innate Abilities, Weirdness & Mutations

Your life essence is reduced to manifest your ancestor. (-10% HP)
You are mostly covered in thin metallic scales. (AC +3)
You are mostly covered in sharp spines.
Your touch may irresistibly damage your foes and sap their willpower.


Message History

The orc shouts!
You hear a shout!
The orc warrior hits you from afar with a +0 halberd.
* * * LOW HITPOINT WARNING * * *
An orc warrior comes into view. It is wielding a +0 halberd.
The orc warrior shouts!
You hear a shout! x2
Nenetl casts a spell at the orc warrior.
The orc warrior resists with some effort.
The orc warrior hits you but does no damage.
The orc warrior barely misses you.
An orc comes into view. It is wielding a +0 trident.
The orc is struck by your spines. The orc barely misses you.
You barely miss the orc.
The orc is lightly wounded.
You miss the orc warrior. You barely miss the orc warrior.
The orc shouts!
Nenetl hits the orc warrior with a +0 dagger of draining.
Nenetl drains the orc warrior.
Nenetl barely misses the orc warrior.
The orc warrior is struck by your spines.
The orc warrior hits you but does no damage. x2
The orc is struck by your spines.
You kill the orc!
An orc comes into view. It is wielding a +0 spear.
Nenetl points at the orc warrior and mumbles some strange words.
The orc warrior resists with significant effort.
As you read the scroll of summoning, it crumbles to dust.
Wisps of shadow whirl around you...
The orc warrior hits you with a +0 halberd!
* * * LOW HITPOINT WARNING * * *
The orc warrior hits you with a +0 halberd.
* * * LOW HITPOINT WARNING * * *
Nenetl casts a spell at the orc warrior.
The orc warrior appears confused.
An orc knight comes into view. It is wielding a +0 trident.
You hit the orc warrior but do no damage.
The orc warrior is lightly wounded.
You completely miss the orc warrior.
The orc warrior hits you with a +0 halberd.
* * * LOW HITPOINT WARNING * * *
The orc warrior hits you with a +0 halberd!
You die...

...♣...........
...............
####........###
#$.####''####.$
#..))..).......
##...8....8...#
#gR########..#
#oo# .# #g@# #
#og#..# #oo#..#
#h.#....
#.g##....# #oo#
#++## #... .o.8
.... ...o


You could see the friendly Nenetl the hexer, an orc knight, 2 orc warriors, an
orc, a friendly orc knight (summoned), a friendly warg (summoned), a friendly
orc sorcerer (summoned), a friendly orc warrior (summoned), 4 friendly gnolls
and 2 friendly orcs.

Vanquished Creatures
  Maggie (D:7)
  Sigmund (D:2)
  A wyvern (D:8)
  A steam dragon (D:8)
  Duvessa (D:7)
  4 orc warriors
  A sky beast (D:8)
  An ogre (D:6)
  A centaur (D:7)
  A phantom (D:3)
  A necrophage (D:4)
  A scorpion (D:4)
  7 wights
  Dowan (D:7)
  5 orc priests
  2 hounds
  A jelly (D:5)
  3 iguanas
  3 orc wizards
  5 adders
  2 gnolls (D:6)
  A shadow imp (D:6)
  2 white imps
  2 worms (D:4)
  20 orcs
  9 endoplasms
  A giant cockroach (D:4)
  6 goblins
  8 hobgoblins
  2 jackals (D:3)
  4 quokkas (D:1)
  7 ball pythons
  2 bats
  3 frilled lizards (D:1)
  6 kobolds
  4 rats
121 creatures vanquished.

Vanquished Creatures (collateral kills)
  A steam dragon (D:7)
  An orc warrior (D:7)
  A gnoll sergeant (D:6)
  A scorpion (D:4)
  A hound (D:7)
  An iguana (D:4)
  An orc wizard (D:5)
  A gnoll (D:6)
  An adder (D:2)
  An ufetubus (D:5)
  A worm (D:2)
  7 orcs
  3 bats (D:2)
  An endoplasm (D:4)
  3 hobgoblins
  A quokka (D:4)
  3 ball pythons
  2 frilled lizards
  5 rats
36 creatures vanquished.

Grand Total: 157 creatures vanquished

Notes
Turn   | Place    | Note
-------+----------+-------------------------------------------
     0 | D:1      | Sabo the Demonspawn Gladiator began the quest for the Orb.
     0 | D:1      | Reached XP level 1. HP: 16/16 MP: 1/1
   214 | D:1      | Gained mutation: Your touch may inflict minor irresistible
                  | damage on your foes. [demonic ancestry]
   214 | D:1      | Reached XP level 2. HP: 20/22 MP: 2/2
   300 | D:1      | Reached skill level 3 in Axes
   350 | D:1      | Found a faded altar of an unknown god.
   360 | D:1      | Prayed at the altar of an unknown god.
   360 | D:1      | Became a worshipper of Hepliaklqana the Forgotten
   360 | D:1      | Reached * piety under Hepliaklqana
   691 | D:1      | Reached XP level 3. HP: 18/24 MP: 3/3
   989 | D:2      | Noticed Sigmund
   996 | D:2      | Reached skill level 1 in Armour
  1001 | D:2      | Killed Sigmund
  1002 | D:2      | Reached skill level 4 in Axes
  1002 | D:2      | Gained mutation: You are partially covered in thin metallic
                  | scales. (AC +2) [demonic ancestry]
  1002 | D:2      | Reached XP level 4. HP: 28/30 MP: 4/4
  1002 | D:2      | Gained mutation: Your touch may inflict irresistible damage
                  | on your foes. [demonic ancestry]
  1002 | D:2      | Reached XP level 5. HP: 32/35 MP: 5/5
  1415 | D:2      | Reached skill level 1 in Stealth
  1567 | D:2      | Found a basalt altar of Yredelemnul.
  1569 | D:2      | Reached ** piety under Hepliaklqana
  1570 | D:2      | Remembered your ancestor Nenetl as a hexer
  1922 | D:3      | Noticed a phantom
  1927 | D:3      | Killed a phantom
  1928 | D:3      | Gained mutation: You are partially covered in sharp spines.
                  | [demonic ancestry]
  1928 | D:3      | Reached XP level 6. HP: 41/41 MP: 6/6
  2519 | D:4      | Reached skill level 5 in Axes
  2906 | D:4      | Gained mutation: You are mostly covered in sharp spines.
                  | [demonic ancestry]
  2906 | D:4      | Reached XP level 7. HP: 29/46 MP: 7/7
  3040 | D:4      | Found a staircase to the Ecumenical Temple.
  3206 | D:4      | Found a hide-covered altar of Uskayaw.
  3462 | D:5      | Entered Level 5 of the Dungeon
  3521 | D:5      | Found Anobah's Magic Scroll Shoppe.
  3790 | D:5      | Found a sacrificial altar of Ru.
  3830 | D:5      | Bought a scroll of identify for 24 gold pieces
  3935 | D:5      | Reached skill level 6 in Axes
  4303 | D:5      | Found Syam's Magic Scroll Emporium.
  4311 | D:5      | Bought a scroll of identify for 28 gold pieces
  4496 | D:6      | Found a stormy altar of Qazlal.
  4566 | D:6      | Reached *** piety under Hepliaklqana
  4672 | D:6      | Gained mutation: Your touch may irresistibly damage your
                  | foes and sap their willpower. [demonic ancestry]
  4672 | D:6      | Reached XP level 8. HP: 53/53 MP: 8/8
  5134 | D:6      | Reached skill level 7 in Axes
  5742 | D:6      | Upgraded the game from 0.29-a0-495-g17b79114eb to
                  | 0.29-a0-506-ga2e7fffb44
  5824 | D:7      | Noticed Duvessa
  5824 | D:7      | Noticed Dowan
  5829 | D:7      | Killed Dowan
  5833 | D:7      | Killed Duvessa
  6408 | D:7      | Noticed Maggie
  6415 | D:7      | Killed Maggie
  6416 | D:7      | Reached skill level 8 in Axes
  6416 | D:7      | Reached skill level 5 in Armour
  6416 | D:7      | Gained mutation: You are mostly covered in thin metallic
                  | scales. (AC +3) [demonic ancestry]
  6416 | D:7      | Reached XP level 9. HP: 30/59 MP: 4/9
  6733 | D:7      | Found a hazy altar of Hepliaklqana.
  6734 | D:7      | Found a shadowy altar of Dithmenos.
  6833 | D:7      | Reached **** piety under Hepliaklqana
  7229 | D:8      | Found a shimmering altar of Xom.
  7346 | D:8      | Found a flagged portal.
  7353 | D:8      | Identified the +6 spear "Grim Tooth" {venom, Int+2 Dex+5}
  7400 | Bailey   | Entered a bailey
  7500 | Bailey   | Reached skill level 9 in Axes
  7505 | Bailey   | Found a large runed translucent door.
  7505 | Bailey   | Found a large runed translucent door.
  7506 | Bailey   | Noticed a deep elf zephyrmancer
  7508 | Bailey   | HP: 3/60 [orc warrior/+0 halberd (12)]
  7508 | Bailey   | HP: 1/60 [orc warrior/+0 halberd (2)]
  7509 | Bailey   | Noticed an orc knight
  7509 | Bailey   | Mangled by an orc warrior

Illustrated notes

Levels and vault maps discovered:
D:1:      dpeg_arrival_oval, layout_basic, dilly_ecumenical_altar_fadedgnrine
D:2:      layout_rooms, basic_altar, kennysheep_generic_room_4, uniq_sigmund
D:3:      layout_rooms, grunt_decor_arrowhead, item_on_display_a
D:4:      layout_basic, nicolae_uskayaw_dance_hall, minmay_temple_entry_ruins
D:5:      layout_basic, nicolae_ru_awakened_eye, serial_shops, shop, shop,
          grunt_decor_resistance, chequers_hall_statues_corner_a,
          ebering_dispersal_statue_hall
D:6:      layout_loops_ring, nicolae_qazlal_eye_of_the_storm,
          uniq_prince_ribbit1
D:7:      layout_basic, riverfiend_overflow_shadow_ancestor,
          mainiacjoe_overflow_concentric_impassable, uniq_duvessa, uniq_maggie
D:8:      layout_basic, mainiacjoe_overflow_24_doors, enter_bailey_2,
          dk_noncrumbling_4
Bailey:   bailey_polearm_elven_captive_hellmonk, bailey

Skill      XL: |  1  2  3  4  5  6  7  8  9 |
---------------+----------------------------+-----
Dodging        | 3 4 |  4.2
Axes           | 3 4 5 6 8 9 |  9.0
Armour         | 1 2 3 5 |  5.8
Stealth        | 1 2 3 4 |  4.0
Fighting       | 3 4 |  4.9
Throwing       | |  1.8

Action                   |  1- 3 |  4- 6 |  7- 9 || total
-------------------------+-------+-------+-------++-------
Melee: War axe           |    63 |    66 |    54 ||   183
       Touch             |    10 |    11 |    12 ||    33
       Punch             |       |       |     1 ||     1
       Battleaxe         |       |       |    71 ||    71
Invok: Ancestor Life: He |       |     1 |       ||     1
       Ancestor Identity |       |     1 |       ||     1
  Use: Scroll            |     3 |     2 |    13 ||    18
       Potion            |       |     1 |       ||     1
 Stab: Sleeping          |     1 |       |       ||     1
       Confused          |       |     1 |     8 ||     9
       Distracted        |       |       |     2 ||     2
Armor: Leather armour    |    21 |       |       ||    21
       Ring mail         |       |    18 |       ||    18
       Chain mail        |       |    17 |    53 ||    70
Dodge: Dodged            |    50 |    40 |    60 ||   150

Table legend: (Time is in decaauts)
 A = Elapsed time spent in this place.
 B = Non-inter-level travel time spent in this place.
 C = Inter-level travel time spent in this place.
 D = Time resting spent in this place.
 E = Time spent auto-exploring this place.
 F = Levels seen in this place.
 G = Mean time per level.
                   A        B        C        D        E       F      G
               +--------+--------+--------+--------+--------+-----+--------+
         Total |   7575 |   7575 |      0 |   1913 |      0 |   9 |  841.7 |
       Dungeon |   7463 |   7463 |      0 |   1853 |      0 |   8 |  932.9 |
        Bailey |    112 |    112 |      0 |     60 |      0 |   1 |  112.0 |
               +--------+--------+--------+--------+--------+-----+--------+

Top non-repeatable levels by time:
     D:6: 1351 daAuts
     D:7: 1207 daAuts
     D:4: 1130 daAuts
     D:1: 1006 daAuts
     D:5: 960 daAuts
     D:2: 780 daAuts
     D:3: 583 daAuts
     D:8: 442 daAuts
  Bailey: 112 daAuts
